 Dungeon Sprint DCSS version bcrawl-1.27.1d (webtiles) character file.

Game seed: 10490140421863043850

3600000 Freyura the Axe Maniac (level 18, -1/200 HPs)
             Began as a Demonspawn Gladiator on July 26, 2020.
             Was a Priest of Makhleb.
             Slain by The Servant
             ... wielding a +9 glaive of flaming
              (44 damage)
             ... in the Dungeon (Sprint VIII: "Arena of Blood").
             The game lasted 00:02:30 (36 turns).

Freyura the Axe Maniac (Demonspawn Gladiator)         Turns: 36, Time: 00:02:30

Health: -1/200     AC:  3    Str: 15    XL:     18   Next: 9%
Magic:  18/18      EV: 35    Int: 11    God:    Makhleb [***...]
Gold:   0          SH:  0    Dex: 21    Spells: 17/17 levels left

rFire    . . .     SeeInvis .   l - +∞ Axe of Woe
rCold    + . .     Gourm    .   (shield currently unavailable)
rNeg     . . .     Faith    .   b - +0 leather armour
rPois    .         Spirit   .   (helmet unavailable)
rElec    .         Reflect  .   (no cloak)
rCorr    .         Harm     .   (gloves unavailable)
MR       +....     NoTele   +   (no boots)
Stlth    ++++++++..             (no amulet)
HPRegen  0.43/turn              m - +30 ring of slaying
MPRegen  0.16/turn              o - +30 ring of slaying

@: no status effects
A: claws 3, horns 3, talons 2, cold resistance 1, nightstalker 3, robust 1,
spiny 1
a: Minor Destruction, Lesser Servant of Makhleb, Renounce Religion


You were in the Dungeon.
You worshipped Makhleb.
Makhleb was most pleased with you.
You were not hungry.

You visited 1 branch

Inventory:

Hand Weapons
 a - a +0 war axe
 l - the +∞ Axe of Woe (weapon)
   (You found it in the Dungeon)
 n - a +9 war axe
Missiles
 d - 3 throwing nets {=f}
Armour
 b - a +0 leather armour (worn)
 c - a +0 helmet
Jewellery
 m - a +30 ring of slaying (left claw)
 o - a +30 ring of slaying (right claw)
 p - a +30 ring of slaying
Scrolls
 k - a scroll of blinking
Potions
 f - a potion of curing
 g - a potion of heal wounds
 h - a potion of haste
 i - 2 potions of magic
 j - a potion of berserk rage
Comestibles
 e - a ration {!d}


   Skills:
 O Level 27 Fighting
 O Level 27 Axes
 + Level 23.2 Throwing
 O Level 27 Dodging
 + Level 10.3 Stealth


You had 17 spell levels left.
You didn't know any spells.
Your spell library was empty.

Dungeon Overview and Level Annotations

Branches:
Dungeon (1/1)

Altars:
Makhleb

Annotations:
D The Servant


Innate Abilities, Weirdness & Mutations

You have claws for hands.
You have a pair of large horns on your head.
You have razor-sharp toenails.
Your flesh is cold resistant. (rC+)
You are completely attuned to the shadows.
You are robust. (+10% HP)
You are partially covered in sharp spines.


Message History

Makhleb accepts your kill.
You have mastered Fighting!
Your Throwing skill increases to level 23!
Your Stealth skill increases to level 10!
You have reached level 18!
Your experience leads to an increase in your attributes!
Increase (S)trength, (I)ntelligence, or (D)exterity?
You feel agile.
Your demonic ancestry asserts itself...
You feel robust.
You hear a shout! x7
The meat berserker rages.
You hear a shout! x3
The meat berserker is engulfed in blazing flames.
You hear a shout! x4
You hear a shout! x2
The Servant hits you from afar with a +9 glaive of flaming!!!!
Ouch! That really hurt!
* * * LOW HITPOINT WARNING * * *
The Servant burns you!!!
You die...

.. .. #.. ..# #..
..# .###.. ..###.
........###......
#........_.....
..@...#.....#
......#_.<)_#
...†@§#.†...#.
#...)§O.._)......
...))§.§###......
...###.... ..###.
... #.......# ..
#..... .# .. .o
.. ..


You could see The Servant and a meat berserker (berserk).

Vanquished Creatures
  3 ogres (D)
  A two-headed ogre (D)
  2 hydras (D)
  4 orcs (D)
10 creatures vanquished.

Notes
Turn   | Place    | Note
-------+----------+-------------------------------------------
     0 | D        | Found the +∞ Axe of Woe
     0 | D        | Freyura the Demonspawn Gladiator began the quest for the
                  | Orb.
     0 | D        | Reached XP level 1. HP: 16/16 MP: 1/1
     1 | D        | Noticed a meat berserker
     2 | D        | Noticed a bag of meat
     2 | D        | Noticed a bag of meat
     3 | D        | Killed a meat berserker
     3 | D        | Reached skill level 10 in Throwing
     3 | D        | Gained mutation: You have a pair of small horns on your
                  | head. [demonic ancestry]
     3 | D        | Reached XP level 2. HP: 39/39 MP: 2/2
     3 | D        | Gained mutation: You are slightly more attuned to the
                  | shadows. [demonic ancestry]
     3 | D        | Reached XP level 3. HP: 45/45 MP: 3/3
     3 | D        | Gained mutation: You have sharp toenails. [demonic
                  | ancestry]
     3 | D        | Reached XP level 4. HP: 52/52 MP: 4/4
     3 | D        | Reached XP level 5. HP: 58/58 MP: 5/5
     3 | D        | Gained mutation: Your flesh is cold resistant. (rC+)
                  | [demonic ancestry]
     3 | D        | Reached XP level 6. HP: 65/65 MP: 6/6
     3 | D        | Gained mutation: You are significantly more attuned to the
                  | shadows. [demonic ancestry]
     3 | D        | Reached XP level 7. HP: 71/71 MP: 7/7
     3 | D        | Gained mutation: You have a pair of horns on your head.
                  | [demonic ancestry]
     3 | D        | Reached XP level 8. HP: 77/77 MP: 8/8
     3 | D        | Reached XP level 9. HP: 83/83 MP: 9/9
     3 | D        | Reached XP level 10. HP: 90/90 MP: 10/10
     3 | D        | Gained mutation: You are completely attuned to the shadows.
                  | [demonic ancestry]
     3 | D        | Reached XP level 11. HP: 96/96 MP: 11/11
     3 | D        | Gained mutation: You are partially covered in sharp spines.
                  | [demonic ancestry]
     3 | D        | Reached XP level 12. HP: 103/103 MP: 12/12
     3 | D        | Gained mutation: You have sharp fingernails. [demonic
                  | ancestry]
     3 | D        | Reached XP level 13. HP: 109/109 MP: 13/13
     5 | D        | Became a worshipper of Makhleb the Destroyer
     6 | D        | Noticed a meat berserker
     7 | D        | Killed a bag of meat
     8 | D        | Killed a bag of meat
     8 | D        | Reached * piety under Makhleb
     8 | D        | Gained mutation: You have very sharp fingernails. [demonic
                  | ancestry]
     8 | D        | Reached XP level 14. HP: 120/120 MP: 14/14
     9 | D        | Killed a meat berserker
     9 | D        | Reached skill level 15 in Fighting
     9 | D        | Gained mutation: You have razor-sharp toenails. [demonic
                  | ancestry]
     9 | D        | Reached XP level 15. HP: 129/129 MP: 15/15
    28 | D        | Noticed a large bag of meat
    29 | D        | Noticed an eight-headed meat hydra
    29 | D        | Noticed a meat berserker
    31 | D        | Reached skill level 1 in Stealth
    31 | D        | Killed a meat berserker
    31 | D        | Reached ** piety under Makhleb
    31 | D        | Reached skill level 15 in Throwing
    31 | D        | Gained mutation: You have a pair of large horns on your
                  | head. [demonic ancestry]
    31 | D        | Reached XP level 16. HP: 141/141 MP: 16/16
    32 | D        | Killed a large bag of meat
    32 | D        | Reached skill level 27 in Axes
    32 | D        | Reached skill level 27 in Dodging
    32 | D        | Noticed an eight-headed meat hydra
    33 | D        | Killed a nine-headed meat hydra
    33 | D        | Gained mutation: You have claws for hands. [demonic
                  | ancestry]
    33 | D        | Reached XP level 17. HP: 164/164 MP: 17/17
    33 | D        | Noticed a meat berserker
    33 | D        | Noticed a meat berserker
    33 | D        | Noticed The Servant
    35 | D        | Killed a nine-headed meat hydra
    35 | D        | Reached *** piety under Makhleb
    35 | D        | Reached skill level 27 in Fighting
    35 | D        | Reached skill level 10 in Stealth
    35 | D        | Gained mutation: You are robust. (+10% HP) [demonic
                  | ancestry]
    35 | D        | Reached XP level 18. HP: 174/200 MP: 18/18
    36 | D        | Slain by The Servant

Skill      XL: |  1  2  3  4  5  6  7  8  9 10 11 12 13 14 15 16 17 |
---------------+----------------------------------------------------+-----
Fighting       | 12 14 15 17 23 27 | 27.0
Axes           | 18 21 23 26 27 | 27.0
Throwing       | 10 12 13 15 20 23 | 23.2
Dodging        | 18 21 23 25 27 | 27.0
Stealth        | 2 7 10 | 10.3

Action                   |  1- 3 |  4- 6 |  7- 9 | 10-12 | 13-15 | 16-18 || total
-------------------------+-------+-------+-------+-------+-------+-------++-------
Melee: Executioner's axe |     1 |       |       |       |     4 |     3 ||     8
Dodge: Dodged            |       |       |       |       |     1 |       ||     1
